 Dungeon Crawl Stone Soup version 0.17.1-3-g152610e (webtiles) character file.

1210 kaze the Ruffian (level 8, 0/86 HPs)
             Began as a Troll Berserker on Mar 9, 2016.
             Was a Priest of Trog.
             Killed by divine providence
             ... invoked by an orc priest
              (12 damage)
             ... on level 5 of the Dungeon.
             The game lasted 00:09:11 (3749 turns).

kaze the Ruffian (Troll Berserker)                  Turns: 3749, Time: 00:09:12

Health: 0/86       AC:  5    Str: 28    XL:     8   Next: 22%
Magic:  7/7        EV: 10    Int:  3    God:    Trog [***...]
Gold:   28         SH:  0    Dex:  7    Spells: 0 memorised, 7 levels left

rFire  . . .     SeeInvis .     p - +2 flail (drain)
rCold  . . .     Clarity  .     a - +0 animal skin
rNeg   . . .     SustAt   .     (no shield)
rPois  .         Gourm    +     (helmet restricted)
rElec  .         Spirit   .     (no cloak)
rCorr  .         Warding  .     (gloves unavailable)
rMut   .         Stasis   .     (boots unavailable)
MR     ++...                    f - amulet of inaccuracy (curse)
Stlth  ++........               (no ring)
                                (no ring)

@: exhausted, regenerating, slowed, very slow, very resistant to hostile
enchantments, unstealthy
A: unfitting armour, claws 3, camouflage 1, clumsy 1, fast metabolism 3,
gourmand, regeneration 2, robust 1, shaggy fur 1, tough skin 2, subdued magic 1
a: Berserk, Trog's Hand, Burn Spellbooks, Renounce Religion


You were on level 5 of the Dungeon.
You worshipped Trog.
Trog was most pleased with you.
You were full.

You visited 1 branch of the dungeon, and saw 5 of its levels.

You collected 147 gold pieces.
You spent 119 gold pieces at shops.

Inventory:

Hand Weapons
 p - a +2 flail of draining (weapon)
Armour
 a - a +0 animal skin (worn)
Jewellery
 f - a cursed amulet of inaccuracy (around neck)
 k - an uncursed ring of wizardry {unknown}
Scrolls
 c - a scroll of blinking {unknown}
 d - 3 scrolls of identify
 e - a scroll of fear {unknown}
 g - 2 scrolls of random uselessness
 j - a scroll of teleportation {unknown}
 o - 2 scrolls of amnesia
Potions
 n - 2 potions of curing
 q - 2 potions of agility
Comestibles
 b - 3 bread rations
 l - 4 meat rations
 r - 2 beef jerkies


   Skills:
 + Level 4.4 Fighting
 + Level 2.3 Maces & Flails
 + Level 2.9 Throwing
 + Level 5.1 Dodging
 - Level 0.7 Stealth
 + Level 5.6 Unarmed Combat


You had 7 spell levels left.
You didn't know any spells.

Dungeon Overview and Level Annotations

Branches:
Dungeon (5/15)             Temple (0/1) D:5

Altars:
Elyvilon
Qazlal
The Shining One

Shops:
D:5 !


Innate Abilities, Weirdness & Mutations

You are too large for most types of armour.
You have claws for hands.
Your metabolism is lightning-fast.
You like to eat raw meat.
You heal very quickly.
You are covered in fur (AC +1).
You have very tough skin (AC +2).
Your skin changes colour to match your surroundings (Stealth).
You are clumsy. (Dex -2)
You are robust (+10% HP).
Your spells are a little easier to cast, but a little less powerful.


Message History

You resist with almost no effort. The orc hits you with a short sword.
* * * LOW HITPOINT WARNING * * *
The crimson imp sputters.
Drink which item? (? for menu, Esc to quit)
You feel better. The orc barely misses you.
The orc priest casts a cantrip, but nothing happens.
You miss the orc. The orc hits you but does no damage.
The orc barely misses you.
You sock the orc!
You kill the orc!
Trog accepts your kill.
The centaur shoots an arrow.
The arrow barely misses you.
The orc priest looks braver for a moment.
The centaur shoots an arrow.
The arrow hits you!
* * * LOW HITPOINT WARNING * * *
The crimson imp hits you but does no damage.
You miss the crimson imp.
The orc priest mumbles some strange prayers to Beogh against you.
Something smites you!
You die...

#. ... #. ... #. #+ #.#
#. ... #.# #. .... ###
#.# ##. ..... ##.###.#
#..
.....o####...##.######..
.(.(.c5@(...(...........
..%...####...##.########
..... ##.###.# #... ....
### #.# #..> .(. #.#
#..# #+ .#. #..# # #
#... #... #...


You could see a centaur, an orc priest and a crimson imp.

Vanquished Creatures
  The ghost of kaze the Skirmisher, an amateur DsBe of Trog (D:4)
  2 centaurs (D:5)
  An ogre (D:4)
  A phantom (D:4)
  A giant frog (D:3)
  A centaur zombie (D:5)
  3 crimson imps (D:5)
  An orc priest (D:3)
  4 hounds
  2 iguanas
  2 orc wizards
  A giant frog skeleton (D:5)
  A worker ant (D:5)
  A worker ant zombie (D:5)
  6 adders
  7 gnolls
  An ooze (D:2)
  An adder zombie (D:5)
  3 giant geckos (D:2)
  22 orcs
  3 ball pythons
  5 bats
  6 giant cockroaches
  7 hobgoblins
  7 kobolds
  2 quokkas
  A ball python skeleton (D:4)
  3 giant newts
  5 goblins
  9 jackals
  A quokka skeleton (D:4)
  4 rats
115 creatures vanquished.

Vanquished Creatures (others)
  2 orc wizards (D:5)
2 creatures vanquished.

Grand Total: 117 creatures vanquished

Notes
Turn   | Place    | Note
--------------------------------------------------------------
     0 | D:1      | kaze the Troll Berserker began the quest for the Orb.
     0 | D:1      | Reached XP level 1. HP: 22/22 MP: 0/0
   105 | D:1      | Reached XP level 2. HP: 29/29 MP: 1/1
   438 | D:2      | Reached XP level 3. HP: 29/36 MP: 2/2
   445 | D:2      | Reached ** piety under Trog
   454 | D:2      | Reached XP level 4. HP: 10/45 MP: 3/3
  1233 | D:3      | Reached skill level 4 in Unarmed Combat
  1403 | D:3      | Noticed a giant frog
  1407 | D:3      | Killed a giant frog
  1407 | D:3      | Reached XP level 5. HP: 40/53 MP: 4/4
  1639 | D:3      | Reached *** piety under Trog
  1695 | D:3      | Reached XP level 6. HP: 61/61 MP: 5/5
  1797 | D:3      | Reached skill level 5 in Unarmed Combat
  1989 | D:3      | Found a faded altar to an unknown god.
  2146 | D:4      | Noticed kaze's ghost (amateur DsBe)
  2173 | D:4      | Killed kaze's ghost
  2353 | D:4      | Reached XP level 7. HP: 57/68 MP: 6/6
  2462 | D:4      | Found a stormy altar of Qazlal.
  2630 | D:4      | Reached skill level 1 in Maces & Flails
  2666 | D:4      | Found a glowing golden altar of the Shining One.
  2704 | D:4      | Reached skill level 1 in Throwing
  3008 | D:4      | Gained mutation: You are clumsy. (Dex -2) [potion of mutation]
  3008 | D:4      | Gained mutation: You are robust (+10% HP). [potion of mutation]
  3008 | D:4      | Gained mutation: Your skin changes colour to match your surroundings (Stealth). [potion of mutation]
  3014 | D:5      | Entered Level 5 of the Dungeon
  3016 | D:5      | Received a gift from Trog
  3087 | D:5      | Found a white marble altar of Elyvilon.
  3176 | D:5      | Found a staircase to the Ecumenical Temple.
  3376 | D:5      | Found Ozafeuskan's Distillery.
  3383 | D:5      | Reached XP level 8. HP: 63/86 MP: 7/7
  3395 | D:5      | Bought a potion of mutation for 35 gold pieces
  3395 | D:5      | Bought a potion of curing for 42 gold pieces
  3395 | D:5      | Bought a potion of curing for 42 gold pieces
  3395 | D:5      | Gained mutation: Your spells are a little easier to cast, but a little less powerful. [potion of mutation]
  3395 | D:5      | Gained mutation: You expend magic power (3 MP) to strengthen your wands. [potion of mutation]
  3395 | D:5      | Lost mutation: You expend magic power (3 MP) to strengthen your wands. [potion of mutation]
  3536 | D:5      | Reached skill level 5 in Dodging
  3744 | D:5      | HP: 3/86 [something (2)]
  3745 | D:5      | HP: 1/86 [orc/short sword (5)]
  3749 | D:5      | Killed from afar by an orc priest

Action                   |  1- 3 |  4- 6 |  7- 9 || total
-------------------------+-------+-------+-------++-------
Melee: Unarmed           |    46 |   120 |       ||   166
       Flail             |       |    25 |   153 ||   178
Throw: Tomahawk          |     1 |       |    27 ||    28
       Javelin           |       |       |    37 ||    37
Invok: Berserk           |       |     3 |     2 ||     5
       Trog's Hand       |       |     1 |     2 ||     3
  Use: Potion            |       |       |     7 ||     7
       Scroll            |       |       |     5 ||     5
 Stab: Sleeping          |     1 |     1 |     1 ||     3
  Eat: Chunk             |     3 |    25 |     6 ||    34
       Bread ration      |       |       |     2 ||     2
